 Dungeon Crawl Stone Soup version 0.29-a0-838-g385bb11a5b (webtiles) character file.

Game seed: 6026664515318864872

19105 xian the Unseen (level 12, -15/78 HPs)
             Began as an Octopode Brigand on July 13, 2022.
             Was a Priest of Dithmenos.
             Demolished by an ettin
             ... wielding a +6 giant club
              (37 damage)
             ... on level 12 of the Dungeon.
             The game lasted 00:36:12 (10853 turns).

xian the Unseen (Octopode Brigand)                 Turns: 10853, Time: 00:36:13

Health: -15/78     AC:  8    Str: 13    XL:     12   Next: 65%
Magic:  12/12      EV: 17    Int: 13    God:    Dithmenos [***...]
Gold:   623        SH: 21    Dex: 22    Spells: 10/11 levels left

rFire   . . .      SeeInvis +   a - +9 quick blade (vorpal)
rCold   + . .      Faith    .   d - +3 kite shield {AC+3}
rNeg    + . .      Spirit   .   (helmet restricted)
rPois   .          Reflect  +   m - amulet of reflection
rElec   .          Harm     .   n - ring of positive energy
rCorr   .          Rampage  .   q - ring of wizardry
Will    .....                   k - ring of protection from cold Stlth **++++++++
                                t - ring of see invisible
HPRegen 0.23/turn               w - +6 ring of dexterity
MPRegen 0.13/turn               v - ring of flight
                                y - +4 ring of protection
                                K - +4 ring of slaying

@: on berserk cooldown, flying, slowed, wreathed by umbra, very slow
A: almost no armour, amphibious, 8 rings, camouflage 1, gelatinous body 1,
(nimble swimmer 1), tentacles
a: Renounce Religion, Shadow Step


You were on level 12 of the Dungeon.
You worshipped Dithmenos.
Dithmenos was most pleased with you.
You visited 2 branches of the dungeon, and saw 13 of its levels.
You also visited: Ossuary.

You collected 636 gold pieces.
You spent 13 gold pieces at shops.

Inventory:

Hand Weapons
 a - a +9 vorpal quick blade (weapon)
 i - a +3 dagger of flaming
 H - a +1 shortbow of freezing
Missiles
 b - 36 poisoned darts (quivered)
 c - 3 curare-tipped darts
 p - 5 javelins
Armour
 d - a +3 kite shield of protection (worn)
Jewellery
 k - a ring of protection from cold (on tentacle)
 m - an amulet of reflection (around mantle)
 n - a ring of positive energy (left tentacle)
 q - a ring of wizardry (right tentacle)
 t - a ring of see invisible (on tentacle)
 v - a ring of flight (on tentacle)
 w - a +6 ring of dexterity (on tentacle)
 y - a +4 ring of protection (on tentacle)
 K - a +4 ring of slaying (on tentacle)
 L - an amulet of magic regeneration
Wands
 g - a wand of flame (41)
 C - a wand of quicksilver (9)
Scrolls
 h - 7 scrolls of teleportation
 x - a scroll of magic mapping {unknown}
 z - a scroll of enchant weapon
 A - 2 scrolls of amnesia
 D - a scroll of torment {unknown}
 F - a scroll of blinking
 I - 2 scrolls of fear {unknown}
 J - a scroll of fog
Potions
 e - 3 potions of mutation
 f - a potion of invisibility
 j - 6 potions of brilliance
 l - 3 potions of cancellation
 o - 2 potions of haste
 r - 2 potions of berserk rage
 u - 6 potions of curing
 B - a potion of ambrosia
 E - a potion of resistance


   Skills:
 + Level 5.6 Fighting
 + Level 9.4 Short Blades
 + Level 3.6 Throwing
 + Level 7.0 Dodging
 + Level 18.8 Stealth
 + Level 9.1 Shields


You had 10 spell levels left.
You knew the following spells:

 Your Spells              Type           Power      Damage    Failure   Level
a - Sandblast             Erth           0%         2d4       28%         1

Your spell library contained the following spells:

 Spells                   Type           Power      Damage    Failure   Level
 Apportation              Tloc           0%         N/A       28%         1
 Sting                    Tmut/Pois      0%         1d3       28%         1
 Passwall                 Tmut/Erth      0%         N/A       38%         2
 Poisonous Vapours        Pois/Air       0%         N/A       38%         2
 Static Discharge         Conj/Air       0%         3-3/arc   38%         2
 Sublimation of Blood     Necr           0%         N/A       38%         2
 Stone Arrow              Conj/Erth      0%         3d7       61%         3
 Animate Dead             Necr           0%         N/A       94%         4
 Dispel Undead            Necr           0%         3d6       94%         4
 Olgreb's Toxic Radiance  Pois           0%         N/A       94%         4
 Petrify                  Tmut/Erth      0%         N/A       94%         4
 Sticky Flame             Conj/Fire      0%         2d3       94%         4
 Alistair's Intoxication  Tmut/Pois      0%         N/A       100%        5
 Borgnjor's Vile Clutch   Necr/Erth      0%         N/A       100%        5
 Irradiate                Conj/Tmut      0%         3d11      100%        5
 Metabolic Englaciation   Hex/Ice        0%         N/A       100%        5
 Death Channel            Necr           0%         N/A       100%        6
 Statue Form              Tmut/Erth      0%         N/A       100%        6
 Borgnjor's Revivificati  Necr           0%         N/A       100%        8
 Fire Storm               Conj/Fire      0%         5d1       100%        9


Dungeon Overview and Level Annotations

Branches:
Dungeon (12/15)            Temple (1/1) D:6            Lair (0/6) D:10
Ossuary (visited)
    Orc: D:9-12

Altars:
Ashenzari
Cheibriados
Dithmenos
Elyvilon
Makhleb
Okawaru
Qazlal
Sif Muna
Trog
Uskayaw
Vehumet
Wu Jian
Xom
Yredelemnul
The Shining One

Shops:
D:4 (   D:10 :

Annotations:
D:10 Bookstore
D:12 1 transporter


Innate Abilities, Weirdness & Mutations

You cannot wear most types of armour.
You are amphibious.
You can wear up to eight rings at the same time.
Your skin changes colour to match your surroundings (Stealth+).
Your rubbery body absorbs attacks. (AC +1, EV +1)
((You are camouflaged when in or above water. (Stealth+)))
You have tentacles for arms and can constrict up to eight enemies at once.


Message History

As you read the scroll of blinking, it crumbles to dust.
You are too injured to fight recklessly!
Throw: 39 darts (poison)
Press: ? - help, Q - select action, (/) - cycle Shift-Dir - straight line, f - ettin
Aim: an ettin, wielding a +6 giant club and a +5 great mace (black smoke, 86% to hit)
You throw a poisoned dart. The poisoned dart hits the ettin!
The ettin is poisoned.
Throw: 38 darts (poison)
Press: ? - help, Q - select action, (/) - cycle Shift-Dir - straight line, f/p - ettin
Aim: an ettin, wielding a +6 giant club and a +5 great mace (lightly wounded, very poisoned, 86% to hit)
You throw a poisoned dart. The poisoned dart hits the ettin.
The ettin looks even sicker.
The ettin is lightly wounded.
Throw: 37 darts (poison)
Press: ? - help, Q - select action, (/) - cycle Shift-Dir - straight line, f/p - ettin
Aim: an ettin, wielding a +6 giant club and a +5 great mace (lightly wounded, very poisoned, umbra, 86% to hit)
You throw a poisoned dart. The poisoned dart hits the ettin!
The ettin looks as sick as possible!
The ettin is lightly wounded.
You block the ettin's attack. The ettin misses you.
You hit the ettin. Your squeeze misses the ettin.
The ettin is moderately wounded.
The ettin hits you with a +6 giant club.
The ettin misses you.
You hit the ettin but do no damage. You squeeze the ettin.
The ettin is moderately wounded.
You hit the ettin.
The ettin is heavily wounded.
The ettin barely misses you.
The ettin hits you with a +5 great mace!!
* * * LOW HITPOINT WARNING * * *
Blink to where?
Press: ? - help, Dir - move target, p - ettin
As you read the scroll of blinking, it crumbles to dust.
You are too injured to fight recklessly!
Things that are here:
a +0 giant club; a +0 giant spiked club; a two-headed ogre corpse You feel much better.
The ettin completely misses you.
The ettin hits you with a +5 great mace!!!
You die...

................ .............###
................ ..............#.
..............# ..............#
........#......
.....>.#############
.....<.#...(.©.C@§.#
.......#..##..(##.§#.....##
.......#.#..#.#.§#§#...... ..
.......#.#..#.#§.#.#...[.## ..
.......#..##§§§##§.#......###.###
.......#....(§§)..©#.............
.......#############....#.....# .
......#.....©.©........##.#..###.
....###................†........#


You could see an ettin (very poisoned).

Vanquished Creatures
  Kirke (D:11)
  The ghost of MisterPants the Severer, a journeyman MiGl of Gozag (D:12)
  Snorg (D:11)
  A hydra (D:11)
  7 two-headed ogres
  Urug (D:12)
  3 cyclopes
  An ugly thing (D:11)
  2 manticores (D:12)
  3 gargoyles
  A troll (D:10)
  5 slime creatures
  A hornet (D:9)
  3 wraiths (D:12)
  13 yaks
  2 hogs
  A steam dragon (D:9)
  5 vampire mosquitoes (D:12)
  Menkaure (D:6)
  3 water moccasins
  2 acid dragons
  An orc warrior (D:10)
  2 sky beasts
  A black bear (D:10)
  2 ogres
  5 centaurs
  A kobold brigand (D:6)
  5 bullfrogs
  A necrophage (D:5)
  A gnoll sergeant (D:8)
  11 wights
  6 killer bees (D:8)
  An electric eel (D:8)
  2 howler monkeys (D:9)
  An orc priest (D:11)
  3 hounds (D:5)
  2 jellies
  A gnoll bouda (D:5)
  Jessica (D:2)
  3 iguanas
  Terence (D:2)
  4 orc wizards
  A mummy (Ossuary)
  4 adders
  14 gnolls
  A white imp (D:7)
  3 ufetubi
  5 worms
  4 dart slugs
  19 orcs
  5 spectral bats (Ossuary)
  2 endoplasms
  3 giant cockroaches
  7 goblins
  7 hobgoblins
  18 jackals
  12 kobolds
  6 quokkas
  7 ball pythons
  3 bats
  6 bat simulacra (Ossuary)
  7 frilled lizards
  12 gnoll zombies (Ossuary)
  A goblin simulacrum (Ossuary)
  5 goblin zombies (Ossuary)
  5 hobgoblin zombies (Ossuary)
  5 kobold simulacra (Ossuary)
  2 kobold zombies (Ossuary)
  6 orc zombies (Ossuary)
  7 rats
  4 rat simulacra (Ossuary)
  A spectral goblin (Ossuary)
  4 spectral kobolds (Ossuary)
  A spectral rat (Ossuary)
300 creatures vanquished.

Vanquished Creatures (others)
  A human (D:12)
  An orc (D:12)
  9 fungi (D:10)
  21 plants
32 creatures vanquished.

Grand Total: 332 creatures vanquished

Notes
Turn   | Place    | Note
-------+----------+-------------------------------------------
     0 | D:1      | xian the Octopode Brigand began the quest for the Orb.
     0 | D:1      | Reached XP level 1. HP: 14/14 MP: 1/1
   202 | D:1      | Reached XP level 2. HP: 19/19 MP: 2/2
   236 | D:1      | Reached skill level 6 in Stealth
   501 | D:1      | Reached XP level 3. HP: 23/24 MP: 3/3
   694 | D:2      | Noticed Jessica
   706 | D:2      | Killed Jessica
   707 | D:2      | Reached skill level 7 in Stealth
   767 | D:2      | Found a faded altar of an unknown god.
   805 | D:2      | Reached XP level 4. HP: 29/29 MP: 4/4
  1530 | D:2      | Noticed Terence
  1537 | D:2      | Killed Terence
  1538 | D:2      | Reached XP level 5. HP: 34/34 MP: 5/5
  2080 | D:3      | Learned a level 1 spell: Sandblast
  2513 | D:4      | Identified a scroll of acquirement
  2513 | D:4      | Acquired a +7 quick blade
  2529 | D:4      | Got the Grimoire of the Salvo and Iniquitous Liturgies
  2623 | D:4      | Reached skill level 1 in Shields
  2684 | D:4      | Reached skill level 8 in Stealth
  2684 | D:4      | Reached XP level 6. HP: 39/39 MP: 6/6
  2833 | D:4      | Found a sand-covered staircase.
  2840 | Ossuary  | Entered an ossuary
  3378 | D:4      | Found Wiyt Jyg's Weapon Shop.
  3392 | D:4      | Bought 3 poisoned darts for 13 gold pieces
  4096 | D:5      | Entered Level 5 of the Dungeon
  4102 | D:5      | Reached XP level 7. HP: 45/45 MP: 7/7
  4133 | D:5      | Reached skill level 9 in Stealth
  4326 | D:5      | Found a white marble altar of Elyvilon.
  4444 | D:5      | Found a glowing golden altar of the Shining One.
  5060 | D:6      | Reached skill level 5 in Short Blades
  5060 | D:6      | Reached skill level 10 in Stealth
  5074 | D:6      | Found a bloodstained altar of Trog.
  5104 | D:6      | Reached XP level 8. HP: 51/51 MP: 8/8
  5156 | D:6      | Found a staircase to the Ecumenical Temple.
  5165 | Temple   | Entered the Ecumenical Temple
  5210 | Temple   | Became a worshipper of Dithmenos the Shadowed
  5536 | D:6      | Noticed Menkaure
  5541 | D:6      | Killed Menkaure
  5542 | D:6      | Reached skill level 11 in Stealth
  6346 | D:7      | Noticed a yak
  6346 | D:7      | Noticed a yak
  6346 | D:7      | Noticed a yak
  6346 | D:7      | Noticed a yak
  6350 | D:7      | Noticed a yak
  6360 | D:7      | Killed a yak
  6361 | D:7      | Reached skill level 12 in Stealth
  6364 | D:7      | Killed a yak
  6365 | D:7      | Reached XP level 9. HP: 53/55 MP: 9/9
  6388 | D:7      | Reached * piety under Dithmenos
  7071 | D:8      | Reached skill level 13 in Stealth
  7169 | D:8      | Found a shimmering blue altar of Sif Muna.
  7170 | D:8      | Found a burning altar of Makhleb.
  7553 | D:8      | Noticed a two-headed ogre
  7582 | D:8      | Killed a two-headed ogre
  7583 | D:8      | Reached skill level 14 in Stealth
  7583 | D:8      | Reached skill level 5 in Shields
  7583 | D:8      | Reached XP level 10. HP: 63/63 MP: 10/10
  7814 | D:9      | Found an ornate altar of the Wu Jian Council.
  7914 | D:9      | Found a radiant altar of Vehumet.
  7918 | D:9      | Found a hide-covered altar of Uskayaw.
  8462 | D:10     | Entered Level 10 of the Dungeon
  8469 | D:10     | Noticed a cyclops
  8476 | D:10     | Killed a cyclops
  8476 | D:10     | Reached ** piety under Dithmenos
  8477 | D:10     | Reached skill level 5 in Dodging
  8726 | D:10     | Found Lidgh's Book Shoppe.
  8799 | D:10     | Reached skill level 15 in Stealth
  8877 | D:10     | Found a staircase to the Lair.
  9252 | D:11     | Noticed a cyclops
  9255 | D:11     | Killed a cyclops
  9256 | D:11     | Reached XP level 11. HP: 68/68 MP: 11/11
  9325 | D:11     | Noticed Snorg
  9336 | D:11     | Killed Snorg
  9473 | D:11     | Reached *** piety under Dithmenos
  9479 | D:11     | Noticed a five-headed hydra
  9489 | D:11     | Killed a five-headed hydra
  9490 | D:11     | Reached skill level 16 in Stealth
  9865 | D:11     | Noticed a two-headed ogre
  9879 | D:11     | Killed a two-headed ogre
 10016 | D:11     | Noticed a green ugly thing
 10023 | D:11     | Killed a green ugly thing
 10242 | D:12     | Noticed a cyclops
 10242 | D:12     | Noticed a manticore
 10243 | D:12     | Killed a cyclops
 10247 | D:12     | Killed a manticore
 10265 | D:11     | Reached skill level 5 in Fighting
 10348 | D:12     | Reached skill level 17 in Stealth
 10513 | D:12     | Noticed Kirke
 10515 | D:12     | Reached XP level 12. HP: 77/77 MP: 12/12
 10539 | D:11     | Killed Kirke
 10678 | D:12     | Noticed Urug
 10685 | D:12     | Killed Urug
 10749 | D:12     | Reached skill level 18 in Stealth
 10762 | D:12     | Found a transporter.
 10773 | D:12     | Noticed a two-headed ogre
 10774 | D:12     | Found a transporter.
 10774 | D:12     | Noticed a two-headed ogre
 10776 | D:12     | Noticed MisterPants's ghost (journeyman MiGl)
 10787 | D:12     | Noticed a two-headed ogre
 10788 | D:12     | Noticed an ettin
 10792 | D:12     | Noticed a two-headed ogre
 10797 | D:12     | Killed a two-headed ogre
 10807 | D:12     | Killed a two-headed ogre
 10813 | D:12     | Noticed a two-headed ogre
 10825 | D:12     | Killed MisterPants's ghost
 10827 | D:12     | Killed a two-headed ogre
 10834 | D:12     | Killed a two-headed ogre
 10838 | D:12     | Killed a two-headed ogre
 10848 | D:12     | HP: 3/78 [ettin/+6 giant club (28)]
 10853 | D:12     | Demolished by an ettin

Illustrated notes

Levels and vault maps discovered:
D:1:      dpeg_arrival_refuge, layout_basic
D:2:      layout_loops_ring, nicolae_ecumenical_pavilion,
          lexackson_kobold_supper, uniq_jessica, uniq_terence
D:3:      layout_basic
D:4:      minmay_door_path, layout_loops_ring, chequers_ossuary_entry_cave,
          nicolae_stop_n_shop_1, minmay_quadrilaterals
D:5:      wad_crossroads, layout_cave_pools, mainiacjoe_overflow_catwalk,
          mainiacjoe_overflow_six_doors_small
D:6:      layout_loops_cross, lightli_temple_of_fire,
          minmay_temple_entry_antechambers, uniq_menkaure
D:7:      layout_loops_ring
D:8:      layout_rooms, nicolae_overflow_two_pavilions
D:9:      layout_basic, lemuel_crystal_altar, grunt_temple_overflow_open
D:10:     layout_basic, grunt_lair_entry_orc_guard_hut, serial_shops,
          shop_statue
D:11:     layout_basic, uniq_snorg
D:12:     layout_cave_pools, erik_orc_1, gammafunk_ghost_smash,
          serial_bayou_lagoon_a, minmay_guarded_unrand_skullcrusher, uniq_urug,
          uniq_kirke
Temple:   dpeg_chambers_temple

Skill      XL: |  1  2  3  4  5  6  7  8  9 10 11 12 |
---------------+-------------------------------------+-----
Stealth        | 6 7 8 10 12 14 15 17 18 | 18.8
Short Blades   | 3 5 6 7 8 9 |  9.4
Shields        | 1 2 5 6 8 9 |  9.1
Dodging        | 2 3 4 5 6 7 |  7.0
Throwing       | 3 |  3.6
Fighting       | 3 5 |  5.6

Action                   |  1- 3 |  4- 6 |  7- 9 | 10-12 || total
-------------------------+-------+-------+-------+-------++-------
Melee: Dagger            |    48 |    74 |       |       ||   122
       Constrict         |    12 |    37 |    25 |    27 ||   101
       Tentacles         |     7 |    34 |    19 |    65 ||   125
       Punch             |     1 |     2 |     4 |     6 ||    13
       Quick blade       |       |   110 |   173 |   236 ||   519
Throw: Dart              |     4 |     5 |    12 |     3 ||    24
  Use: Potion            |     1 |       |       |     3 ||     4
       Scroll            |       |    13 |     7 |    12 ||    32
 Stab: Sleeping          |    10 |    38 |    27 |    24 ||    99
       Distracted        |       |     1 |       |     1 ||     2
Armor: Skin              |     7 |    37 |    15 |    12 ||    71
Dodge: Dodged            |    14 |    61 |    58 |    47 ||   180
Block: Kite shield       |    10 |    46 |   113 |   108 ||   277
       Reflection        |       |       |     2 |     4 ||     6

Table legend: (Time is in decaauts)
 A = Elapsed time spent in this place.
 B = Non-inter-level travel time spent in this place.
 C = Inter-level travel time spent in this place.
 D = Time resting spent in this place.
 E = Time spent auto-exploring this place.
 F = Levels seen in this place.
 G = Mean time per level.
                   A        B        C        D        E       F      G
               +--------+--------+--------+--------+--------+-----+--------+
         Total |  10679 |  10263 |    416 |    755 |   5969 |  14 |  762.8 |
       Dungeon |  10135 |   9745 |    390 |    755 |   5923 |  12 |  844.6 |
        Temple |     87 |     61 |     26 |      0 |     36 |   1 |   87.0 |
       Ossuary |    455 |    455 |      0 |      0 |     10 |   1 |  455.0 |
               +--------+--------+--------+--------+--------+-----+--------+

Top non-repeatable levels by time:
     D:6: 1401 daAuts
    D:11: 1175 daAuts
     D:4: 1096 daAuts
     D:2: 1054 daAuts
     D:8: 819 daAuts
     D:3: 764 daAuts
    D:10: 740 daAuts
     D:5: 715 daAuts
     D:1: 697 daAuts
     D:9: 649 daAuts
     D:7: 613 daAuts
 Ossuary: 455 daAuts
    D:12: 407 daAuts
  Temple: 87 daAuts
